 Dungeon Crawl Stone Soup version 0.17-a0-1-g1f4be75 (webtiles) character file.

634 achirane the Tainter (level 7, -4/36 HPs)
             Began as a Tengu Venom Mage on Mar 7, 2015.
             Slain by a water moccasin (5 damage)
             ... on level 5 of the Dungeon.
             The game lasted 00:33:03 (4903 turns).

achirane the Tainter (Tengu Venom Mage)             Turns: 4903, Time: 00:33:05

Health: -4/36      AC:  4    Str: 13    XL:     7   Next: 49%
Magic:  9/14       EV: 18    Int: 22    God:
Gold:   193        SH:  0    Dex: 20    Spells: 2 memorised, 6 levels left

rFire  . . .     SeeInvis .     e - +0 club
rCold  . . .     Clarity  .     t - +2 robe {MR+}
rNeg   . . .     SustAb   .     (no shield)
rPois  .         Gourm    .     (helmet restricted)
rElec  .         Spirit   .     (no cloak)
rCorr  .         Warding  .     (no gloves)
rMut   .         Stasis   .     (boots unavailable)
MR     +....                    j - amulet of regeneration
Stlth  +++.......               (no ring)
                                (no ring)

@: mighty, brilliant, agile, somewhat resistant to hostile enchantments, fairly
stealthy
A: able to fly, beak, talons 3
a: Fly


You were on level 5 of the Dungeon.
You were not hungry.

You visited 1 branch of the dungeon, and saw 5 of its levels.

You collected 193 gold pieces.

Inventory:

Hand weapons
 e - a +0 club (weapon)
Missiles
 g - 16 stones
 x - 6 tomahawks (quivered)
Armour
 a - a +0 robe
 t - a +2 robe of magic resistance (worn)
Jewellery
 j - an amulet of regeneration (around neck)
Magical devices
 w - a wand of polymorph (3)
Scrolls
 k - 2 scrolls of amnesia {unknown}
 l - 3 scrolls of identify {unknown}
 m - 2 scrolls of recharging {unknown}
 n - a scroll of fear {unknown}
 r - a scroll of enchant armour {unknown}
 s - 3 scrolls of random uselessness {unknown}
 v - a scroll of blinking {unknown}
 y - a scroll of remove curse {unknown}
Potions
 i - a potion of agility
 p - a potion of heal wounds {unknown}
 q - a potion of might
 z - a potion of cure mutation {unknown}
 B - a potion of haste {unknown}
 C - a potion of brilliance
 D - a potion of resistance {unknown}
Books
 b - a Young Poisoner's Handbook

   Spells                             Type                      Level
   a - Sting                          Conjuration/Poison           1
   b - Cure Poison                    Poison                       2
   c - Mephitic Cloud                 Conjuration/Poison/Air       3
   d - Olgreb's Toxic Radiance        Poison                       4
   e - Venom Bolt                     Conjuration/Poison           5
Comestibles
 c - 4 bread rations
 f - 2 royal jellies
 h - 6 fruits
 o - a beef jerky
 u - 2 meat rations
 A - 4 chunks of flesh


   Skills:
 - Level 2.1 Dodging
 - Level 2.0 Stealth
 - Level 2.0 Spellcasting
 + Level 8.9 Poison Magic


You had 6 spell levels left.
You knew the following spells:

 Your Spells              Type           Power        Failure   Level  Hunger
a - Sting                 Conj/Pois      ####         1%          1    #......
b - Mephitic Cloud        Conj/Pois/Air  ####....     1%          3    ###....


Dungeon Overview and Level Annotations

Branches:
Dungeon (5/15)
 Temple: D:4-7

Altars:
Dithmenos
Gozag
Makhleb
Vehumet

Annotations:
D:3 Speissi's ghost, average OpAs


Innate Abilities, Weirdness & Mutations

You can fly.
You have a beak for a mouth.
You have claws for feet.


Message History

Drink which item? (? for menu, Esc to quit)
It was a potion of curing.
You feel better. The water moccasin bites you.
* * * LOW HITPOINT WARNING * * *
The water moccasin barely misses you.
You sock the water moccasin! You claw the water moccasin.
Your peck misses the water moccasin.
The water moccasin is heavily wounded.
The water moccasin bites you but does no damage.
The water moccasin closely misses you.
You hit the water moccasin. Your kick misses the water moccasin.
Your peck misses the water moccasin.
The water moccasin is severely wounded.
The water moccasin misses you.
You miss the water moccasin. Your kick misses the water moccasin.
You peck the water moccasin.
The water moccasin is severely wounded.
The water moccasin bites you!
* * * LOW HITPOINT WARNING * * *
The water moccasin bites you.
You die...

#[# ####.# ### #.#
#....# # #>#
##.##.# #
#.#####...#.### .
#...............
#รท..# ##.## #S#
######## #@#
........ #.######
########
#......###########
######............
#############


You could see a water moccasin.

Vanquished Creatures
  An ogre (D:4)
  A scorpion (D:4)
  3 orc priests (D:3)
  2 hounds
  2 orc wizards
  2 worker ants
  Jessica (D:3)
  9 adders
  A worker ant zombie (D:5)
  3 giant mites
  4 worms
  An adder skeleton (D:4)
  An ooze (D:4)
  3 giant geckos
  11 orcs
  A ball python (D:4)
  3 bats
  2 bat skeletons
  6 hobgoblins
  4 jackals
  3 quokkas
  3 giant cockroaches
  4 giant newts
  10 goblins
  5 kobolds
  17 rats
103 creatures vanquished.

Notes
Turn   | Place    | Note
--------------------------------------------------------------
     0 | D:1      | achirane, the Tengu Venom Mage, began the quest for the Orb.
     0 | D:1      | Reached XP level 1. HP: 10/10 MP: 3/3
   488 | D:1      | Reached XP level 2. HP: 15/15 MP: 3/5
   967 | D:2      | Reached skill level 5 in Poison Magic
   967 | D:2      | Reached XP level 3. HP: 12/19 MP: 4/7
  1313 | D:2      | Reached XP level 4. HP: 22/24 MP: 2/8
  1706 | D:2      | Learned a level 3 spell: Mephitic Cloud
  1719 | D:2      | Found an opulent altar of Gozag.
  1916 | D:2      | Reached skill level 6 in Poison Magic
  2196 | D:3      | Noticed Jessica
  2206 | D:3      | Killed Jessica
  2206 | D:3      | Reached XP level 5. HP: 21/28 MP: 5/11
  2570 | D:3      | Noticed Speissi's ghost (average OpAs)
  2802 | D:4      | Reached skill level 7 in Poison Magic
  2987 | D:4      | Reached XP level 6. HP: 32/32 MP: 10/12
  2989 | D:4      | Found a radiant altar of Vehumet.
  3247 | D:4      | Noticed an ogre
  3705 | D:3      | Reached skill level 8 in Poison Magic
  3796 | D:4      | Reached XP level 7. HP: 33/36 MP: 10/14
  3822 | D:4      | Found a shadowy altar of Dithmenos.
  4240 | D:4      | Killed an ogre
  4616 | D:5      | Entered Level 5 of the Dungeon
  4652 | D:5      | Found a burning altar of Makhleb.
  4896 | D:5      | HP: 1/36 [water moccasin (5)]
  4903 | D:5      | HP: 1/36 [water moccasin (7)]
  4903 | D:5      | Slain by a water moccasin

Action                   |  1- 3 |  4- 6 |  7- 9 || total
-------------------------+-------+-------+-------++-------
Melee: Unarmed           |     1 |       |       ||     1
       Club              |     5 |    19 |    28 ||    52
Throw: Tomahawk          |       |     4 |     6 ||    10
 Cast: Sting             |    49 |   154 |    59 ||   262
       Mephitic Cloud    |       |     2 |       ||     2
Evoke: Wand              |       |       |     1 ||     1
  Use: Potion            |       |       |     4 ||     4
 Stab: Sleeping          |       |       |     2 ||     2
  Eat: Chunk             |     2 |    12 |     5 ||    19
